 Dungeon Crawl Stone Soup version 0.24.1-1-gd1d2a07e1b (webtiles) character file.

Game seed: 14104392074666216134, levelgen mode: deterministic

887 nightchill the Caller (level 7, -1/52 HPs)
             Began as a Vampire Summoner on Apr 8, 2020.
             Was an Initiate of Sif Muna.
             Slain by a wight
             ... wielding a +0 morningstar
              (13 damage)
             ... on level 5 of the Dungeon.
             The game lasted 00:39:26 (7860 turns).

nightchill the Caller (Vampire Summoner)            Turns: 7860, Time: 00:39:26

Health: -1/52      AC:  5    Str:  7    XL:     7   Next: 77%
Magic:  1/10       EV: 13    Int: 20    God:    Sif Muna [......]
Gold:   280        SH:  0    Dex: 14    Spells: 0/11 levels left

rFire    . . .     SeeInvis +   D - +1 trident
rCold    . . .     Gourm    .   (no shield)
rNeg     . . .     Faith    .   a - +0 robe
rPois    .         Spirit   .   (no helmet)
rElec    .         Reflect  .   C - +2 cloak
rCorr    .         Harm     .   (no gloves)
MR       .....                  (no boots)
Stlth    ++........             (no amulet)
HPRegen  0.37/turn              s - +1 ring of evasion
MPRegen  0.12/turn              (no ring)

@: very slightly contaminated, regenerating quickly, drained
A: no food, fangs 3, see invisible, unbreathing
a: Exsanguinate, Renounce Religion


You were on level 5 of the Dungeon.
You worshipped Sif Muna.
Sif Muna was noncommittal.
You were alive.

You visited 1 branch of the dungeon, and saw 6 of its levels.

You collected 280 gold pieces.

Inventory:

Hand Weapons
 d - a +0 dagger
 h - a +1 whip of electrocution
 n - a +0 spear
 o - a +2 dagger of pain
 D - a +1 trident (weapon)
Missiles
 b - 158 stones (quivered)
 j - 61 sling bullets
 k - 25 poisoned darts
Armour
 a - a +0 robe (worn)
 C - a +2 cloak (worn)
Jewellery
 l - an uncursed ring of resist corrosion {unknown}
 s - a +1 ring of evasion (left hand)
Scrolls
 g - a scroll of immolation
 p - a scroll of teleportation
 u - 2 scrolls of magic mapping
 x - a scroll of amnesia
 y - 2 scrolls of noise {unknown}
Potions
 c - a potion of might {unknown}
 e - 3 potions of flight
 f - a potion of berserk rage {unknown}
 i - a potion of mutation {unknown}
 m - a potion of brilliance
 q - a potion of resistance {unknown}
 r - a potion of lignification {unknown}
 v - a potion of haste {unknown}
 z - a potion of ambrosia {unknown}
 B - a potion of heal wounds {unknown}
 E - a potion of degeneration {unknown}


   Skills:
 + Level 3.4(2.6) Fighting
 + Level 1.4(0.6) Polearms
 - Level 2.1(1.3) Dodging
 - Level 3.0(2.1) Stealth
 + Level 2.6(1.7) Spellcasting
 + Level 7.2(6.2) Summonings
 - Level 3.8(2.9) Ice Magic
 * Level 0.8(0.0) Air Magic


You couldn't memorise any spells.
You knew the following spells:

 Your Spells              Type           Power        Failure   Level  Hunger
a - Summon Lightning Spi  Summ/Air       ##......     41%         4    N/A
b - Call Imp              Summ           ####....     1%          2    N/A
c - Summon Ice Beast      Ice/Summ       ###.....     24%         4    N/A
d - Animate Skeleton      Necr           N/A          16%         1    N/A

Your spell library contained the following spells:

 Spells                   Type           Power        Failure   Level  Hunger
 Summon Small Mammal      Summ           ####         1%          1    N/A
 Call Canine Familiar     Summ           ####....     3%          3    N/A
 Summon Guardian Golem    Hex/Summ       ##......     14%         3    N/A
 Apportation              Tloc           #.....       16%         1    N/A
 Confusing Touch          Hex            #.....       16%         1    N/A
 Pain                     Necr           #...         16%         1    N/A
 Regeneration             Chrm/Necr      #.........   43%         3    N/A
 Vampiric Draining        Necr           #.........   43%         3    N/A
 Animate Dead             Necr           N/A          85%         4    N/A

Dungeon Overview and Level Annotations

Branches:
Dungeon (6/15)
 Temple: D:4-7

Altars:
Elyvilon
Fedhas
Gozag
Nemelex Xobeh
Sif Muna
Xom
Yredelemnul
Zin

Shops:
D:4 :   D:5 *

Annotations:
D:2 exclusion: oklob plant, Terence
D:3 exclusion: downstairs
D:4 exclusion: 2 downstairs
D:5 exclusion: downstairs
D:6 1 runed translucent door, Crazy Yiuf


Innate Abilities, Weirdness & Mutations

You do not eat.
Your natural rate of healing is unusually fast.
You have razor-sharp teeth.
You have supernaturally acute eyesight. (SInv)
You can survive without breathing.


Message History

Here: a wight, wielding a +0 morningstar and wearing a +0 robe The floor.
Press: ? - help, v - describe, . - travel
Here: a wight, wielding a +0 morningstar and wearing a +0 robe The floor.
Okay, then.
Things that are here:
a cursed -3 quarterstaff; 24 arrows; a cursed +0 shortbow
There is a stone staircase leading up here.
Casting: Summon Lightning Spire (quite dangerous; 41% risk of failure)
Confirm with . or Enter, or press ? or * to list all spells.
Aiming: Summon Lightning Spire (quite dangerous; 41% risk of failure)
Press: ? - help, Dir - move target cursor An electric hum fills the air.
The wight hits you with a +0 morningstar!
* * * LOW HITPOINT WARNING * * *
You hit the wight.
The wight is lightly damaged.
The wight hits you with a +0 morningstar!
You die...

.#.# #.###)..#.#### ###..# #.#.
##.# #.#####)..## ##.###.⌠. #..#
#....##....# #......∩ ..##
####.##.##.# ####).[. .##
#....##.###########.... .#####
#..####.##............# ..<..##
###...##.............#..
......####...#.####.#.........###
......(#..>###.z@[).##.......####
.........###...8..>..#.......###.
...>....####.#######.#.......#...
......)........................##
........#..#########.#.......###
..........## #........<#
.......#### ###..###### .......#
##......# .......# ##.##...##


You could see a wight and a friendly lightning spire.

Vanquished Creatures
  A centaur (D:5)
  A bullfrog zombie (D:5)
  A hound (D:4)
  An orc wizard (D:5)
  An adder (D:2)
  A dart slug (D:4)
  3 leopard geckos
  3 orcs
  4 giant cockroaches
  3 goblins
  3 bats
  A frilled lizard (D:1)
  A kobold (D:1)
  A rat (D:2)
25 creatures vanquished.

Vanquished Creatures (collateral kills)
  A sky beast (D:5)
  2 centaurs (D:6)
  An ogre (D:4)
  4 bullfrogs
  2 scorpions
  A wight (D:6)
  A crimson imp (D:5)
  3 hounds
  An orc priest (D:5)
  A centaur skeleton (D:4)
  3 iguanas
  An orc wizard (D:5)
  4 worker ants
  A hound skeleton (D:5)
  9 adders
  A shadow imp (D:4)
  An adder skeleton (D:3)
  A worm (D:5)
  2 dart slugs
  A leopard gecko (D:2)
  8 orcs
  4 bats (D:2)
  6 giant cockroaches
  5 goblins
  2 hobgoblins (D:3)
  2 quokkas
  2 ball pythons
  4 kobolds
  4 rats
78 creatures vanquished.

Vanquished Creatures (others)
  An ice beast (D:5)
  2 orcs (D:5)
  10 toadstools (D:2)
13 creatures vanquished.

Grand Total: 116 creatures vanquished

Notes
Turn   | Place    | Note
-------+----------+-------------------------------------------
     0 | D:1      | nightchill the Vampire Summoner began the quest for the
                  | Orb.
     0 | D:1      | Reached XP level 1. HP: 13/13 MP: 3/3
   454 | D:1      | Reached XP level 2. HP: 19/20 MP: 5/5
   460 | D:1      | Learned a level 2 spell: Call Imp
  1179 | D:2      | Reached skill level 1 in Fighting
  1217 | D:2      | Reached XP level 3. HP: 26/26 MP: 3/6
  1382 | D:2      | Found a shimmering altar of Xom.
  1740 | D:2      | Noticed Terence
  1835 | D:2      | Found a blossoming altar of Fedhas.
  1852 | D:2      | Noticed an oklob plant
  2108 | D:3      | Found a sparkling altar of Nemelex Xobeh.
  2553 | D:3      | Reached skill level 5 in Summonings
  2770 | D:3      | Reached XP level 4. HP: 33/33 MP: 1/7
  3544 | D:3      | Learned a level 4 spell: Summon Ice Beast
  3671 | D:4      | Found Qam Peid's Book Shoppe.
  3874 | D:4      | Reached skill level 1 in Ice Magic
  3973 | D:4      | Reached XP level 5. HP: 38/38 MP: 2/8
  4124 | D:4      | Noticed an ogre
  4529 | D:4      | Learned a level 1 spell: Animate Skeleton
  4656 | D:4      | Killed an ogre
  5075 | D:5      | Entered Level 5 of the Dungeon
  5075 | D:5      | Noticed a centaur
  5075 | D:5      | Noticed a sky beast
  5282 | D:5      | Found a shimmering blue altar of Sif Muna.
  5282 | D:5      | Noticed an ice beast
  5395 | D:5      | Reached skill level 6 in Summonings
  5395 | D:5      | Reached XP level 6. HP: 46/46 MP: 1/9
  5573 | D:5      | Found Ymecvitu's Assorted Antiques.
  5592 | D:5      | Killed a sky beast
  5934 | D:5      | Killed an ice beast
  5954 | D:5      | Reached XP level 7. HP: 33/52 MP: 1/10
  6073 | D:5      | Became a worshipper of Sif Muna the Loreminder
  6149 | D:5      | Found a glowing silver altar of Zin.
  6157 | D:5      | Found an opulent altar of Gozag.
  6688 | D:5      | Noticed a spatial vortex
  6802 | D:5      | Found a basalt altar of Yredelemnul.
  7058 | D:5      | Reached skill level 1 in Polearms
  7058 | D:5      | Reached skill level 7 in Summonings
  7360 | D:6      | Found a basalt altar of Yredelemnul.
  7622 | D:6      | Found a white marble altar of Elyvilon.
  7754 | D:6      | Found a runed translucent door.
  7755 | D:6      | Noticed Crazy Yiuf
  7767 | D:6      | Learned a level 4 spell: Summon Lightning Spire
  7860 | D:5      | Slain by a wight

Levels and vault maps discovered:
D:1:      dpeg_arrival_round_b, layout_basic
D:2:      layout_rooms, tgw_fedhas, xom_teletrap_fun, uniq_terence
D:3:      minmay_recursive_quarters, layout_loops_ring, chequers_garden,
          nemelex_xobeh_ov_fountains_minmay
D:4:      layout_loops_ring, serial_shops, nicolae_shop_waterfront,
          minmay_strange_pillars
D:5:      layout_rooms, grunt_temple_overflow_gold_and_silver,
          kennysheep_little_box, first_ration, serial_shops, shop_fountains,
          yredelemnul_altar_generic
D:6:      nicolae_whirlpool, layout_rooms, kennysheep_ying_yang,
          uniq_crazy_yiuf_cottage

Skill      XL: |  1  2  3  4  5  6  7 |
---------------+----------------------+-----
Fighting       | 1 2 3 |  3.4
Summonings     | 5 6 7 |  7.2
Ice Magic      | 1 2 3 |  3.8
Polearms       | 1 |  1.4
Dodging        | |  2.1
Stealth        | |  3.0
Spellcasting   | |  2.6
Air Magic      | |  0.8

Action                   |  1- 3 |  4- 6 |  7- 9 || total
-------------------------+-------+-------+-------++-------
Melee: Dagger            |    69 |   102 |       ||   171
       Unarmed           |     3 |       |       ||     3
       Bite              |     5 |     8 |     3 ||    16
       Trident           |       |    48 |    50 ||    98
Throw: Stone             |       |     1 |       ||     1
 Cast: Summon Small Mamm |     7 |     5 |       ||    12
       Call Imp          |    33 |    27 |       ||    60
       Summon Ice Beast  |       |    21 |    22 ||    43
       Animate Skeleton  |       |     1 |     1 ||     2
       Summon Lightning  |       |       |     2 ||     2
  Use: Scroll            |     3 |       |     9 ||    12
       Potion            |       |     6 |       ||     6
 Stab: Distracted        |     1 |     1 |     1 ||     3
       Sleeping          |     2 |       |       ||     2
       Invisible         |       |     1 |       ||     1
Armor: Robe              |    17 |    33 |    21 ||    71
Dodge: Dodged            |    53 |   139 |    31 ||   223
